 Dungeon Crawl Stone Soup version 0.23.2-30-g0e89c35649 (webtiles) character file.

Game seed: 13403668553129586868

18335 troglodite the Carver (level 12, -5/94 HPs)
             Began as a Demonspawn Berserker on June 16, 2019.
             Was a High Priest of Trog.
             Slain by a tyrant leech (25 damage)
             ... on level 12 of the Dungeon on June 17, 2019.
             The game lasted 00:34:39 (11732 turns).

troglodite the Carver (Demonspawn Berserker)       Turns: 11732, Time: 00:34:40

Health: -5/94      AC: 18    Str: 17    XL:     12   Next: 26%
Magic:  12/12      EV: 13    Int: 10    God:    Trog [*****.]
Gold:   820        SH:  0    Dex: 17    Spells: 11/11 levels left

rFire    + . .     SeeInvis .   C - +3 long sword (elec)
rCold    . . .     Gourm    .   y - +0 shield
rNeg     . . .     Faith    .   p - +0 chain mail {rF+}
rPois    .         Spirit   .   o - +0 helmet
rElec    .         Reflect  .   k - +1 cloak
rCorr    .         Harm     .   (gloves unavailable)
MR       .....                  l - +0 pair of boots
Stlth    ..........             r - amulet of the acrobat
HPRegen  3.25/turn              i - +3 ring of evasion
MPRegen  0.13/turn              x - ring of stealth

@: confused, lethally poisoned (-5 -> -5), berserk cooldown, slowed, very slow
A: claws 3, molten scales 1, powered by death 1, spiny 2
a: Berserk, Trog's Hand, Brothers in Arms, Renounce Religion


You were on level 12 of the Dungeon.
You worshipped Trog.
Trog was extremely pleased with you.
You were not hungry.

You visited 1 branch of the dungeon, and saw 12 of its levels.
You also visited: Sewer.

You collected 820 gold pieces.

Inventory:

Hand Weapons
 C - a +3 long sword of electrocution (weapon)
 I - a +2 antimagic long sword
Armour
 k - a +1 cloak (worn)
 l - a +0 pair of boots (worn)
 o - a +0 helmet (worn)
 p - a +0 chain mail of fire resistance (worn)
 y - a +0 shield (worn)
Jewellery
 a - an uncursed ring of fire
 e - an uncursed ring of flight
 i - a +3 ring of evasion (left claw)
 r - an amulet of the acrobat (around neck)
 x - a ring of stealth (right claw)
 F - an uncursed ring of resist corrosion {unknown}
 N - an uncursed ring of magical power {unknown}
Wands
 j - a wand of flame (23)
 u - a wand of disintegration (14)
 v - a wand of paralysis (3)
Scrolls
 b - 6 scrolls of teleportation
 f - a scroll of fear
 h - a scroll of immolation
 m - 2 scrolls of remove curse {unknown}
 n - 2 scrolls of enchant armour {unknown}
 s - 4 scrolls of blinking
 w - a scroll of silence {unknown}
 D - 2 scrolls of magic mapping
 H - a scroll of noise {unknown}
 J - a scroll of holy word {unknown}
 L - 3 scrolls of identify
Potions
 d - 5 potions of magic
 g - 7 potions of curing
 q - a potion of heal wounds
 t - 5 potions of brilliance
 z - 2 potions of haste
 A - a potion of ambrosia
 B - 2 potions of cancellation
 E - 4 potions of lignification
 G - a potion of agility
 K - a potion of berserk rage
 M - 2 potions of might {unknown}
Comestibles
 c - 18 rations


   Skills:
 * Level 8.9 Fighting
 + Level 10.4 Long Blades
 * Level 8.6 Armour
 * Level 7.7 Dodging
 + Level 2.1 Stealth
 * Level 8.1 Shields


You had 11 spell levels left.
You didn't know any spells.
Your spell library was empty.

Dungeon Overview and Level Annotations

Branches:
Dungeon (12/15)            Temple (0/1) D:4            Lair (0/6) D:11
    Orc (0/2) D:9

Altars:
Ashenzari
Vehumet

Shops:
D:7 :(*(   D:8 *

Portals:
Ice
Cave: D:12


Innate Abilities, Weirdness & Mutations

You have claws for hands.
You are partially covered in molten scales. (AC +2)
You regenerate a little health from kills.
You are mostly covered in sharp spines.


Message History

The tyrant leech is severely wounded.
You feel sick.
You hear some strange, mumbled words.
You are more confused.
The tyrant leech bites you!!
The tyrant leech draws strength from your injuries!
Something hits you. Something bites you.
Something draws strength from your injuries!
The tyrant leech bites you!!
* * * LOW HITPOINT WARNING * * *
The tyrant leech draws strength from your injuries!
You slash the tyrant leech!
Lightning courses through the tyrant leech!
The tyrant leech is almost dead.
Something hits you but does no damage. Something bites you but does no damage.
The tyrant leech bites you!
* * * LOW HITPOINT WARNING * * *
The tyrant leech draws strength from your injuries!
The tyrant leech bites you!!
You die...

<.. #.
...##.####
.##.......##
..........##
###..[.....w##
..........#w@#
..........){)#
......!.(†)#(#
......?...)).#
..........#..#
.......#.....#
......#.#......
.....#.∩.#.#.?##
##....#.#..#..#


You could see 2 tyrant leeches.

Vanquished Creatures
  Harold (D:7)
  5 two-headed ogres
  2 unseen horrors
  An ugly thing (D:11)
  A cyclops (D:12)
  2 gargoyles
  2 centaur zombies
  A hornet (D:8)
  5 hippogriffs
  A vampire (D:12)
  A spriggan (D:8)
  3 wraiths (D:9)
  5 yaks (D:9)
  2 hungry ghosts
  7 vampire mosquitoes
  Duvessa (D:6)
  2 ice beasts (D:10)
  9 orc warriors
  A black bear (D:8)
  2 eyes of draining
  4 phantoms
  3 necrophages
  5 centaurs
  7 ogres
  6 big kobolds
  Blork the orc (D:5)
  12 bullfrogs
  Dowan (D:6)
  A water moccasin zombie (D:8)
  3 scorpions
  7 killer bees
  6 wights
  4 howler monkeys
  An electric eel (D:6)
  2 crimson imps
  3 jellies
  A bullfrog zombie (D:6)
  12 orc priests
  4 hounds
  Crazy Yiuf (D:2)
  9 orc wizards
  Ijyb (D:3)
  3 bullfrog skeletons
  3 centaur skeletons
  2 iguanas
  10 worker ants
  A killer bee zombie (D:9)
  A hound zombie (D:9)
  A mummy (D:11)
  2 worker ant zombies
  6 gnolls
  16 adders
  2 river rats (D:6)
  3 shadow imps
  2 oozes
  An adder skeleton (D:9)
  A worm (D:5)
  2 dart slugs (D:1)
  6 leopard geckos
  35 orcs
  7 ball pythons
  11 giant cockroaches
  6 goblins
  10 hobgoblins
  7 jackals
  8 quokkas
  3 bats
  4 frilled lizards
  43 kobolds
  A leopard gecko zombie (D:6)
  6 rats
351 creatures vanquished.

Vanquished Creatures (collateral kills)
  The ghost of totalnoob the Quickloader, a novice KoHu of Okawaru (D:9)
  2 wraiths (D:9)
3 creatures vanquished.

Grand Total: 354 creatures vanquished

Notes
Turn   | Place    | Note
-------+----------+-------------------------------------------
     0 | D:1      | troglodite the Demonspawn Berserker began the quest for the
                  | Orb.
     0 | D:1      | Reached XP level 1. HP: 18/18 MP: 1/1
   203 | D:1      | Gained mutation: You are partially covered in sharp spines.
                  | [demonic ancestry]
   203 | D:1      | Reached XP level 2. HP: 19/24 MP: 2/2
  1065 | D:2      | Found a runed translucent door.
  1066 | D:2      | Noticed Crazy Yiuf
  1097 | D:2      | Noticed a bullfrog
  1107 | D:2      | Killed a bullfrog
  1107 | D:2      | Reached skill level 3 in Long Blades
  1107 | D:2      | Gained mutation: You have sharp fingernails. [demonic
                  | ancestry]
  1107 | D:2      | Reached XP level 3. HP: 13/30 MP: 3/3
  1107 | D:2      | Gained mutation: You are partially covered in molten
                  | scales. (AC +2) [demonic ancestry]
  1107 | D:2      | Reached XP level 4. HP: 16/37 MP: 4/4
  1389 | D:2      | Killed Crazy Yiuf
  1735 | D:2      | Reached ** piety under Trog
  1867 | D:2      | Reached XP level 5. HP: 42/42 MP: 5/5
  2829 | D:3      | Noticed Ijyb
  2839 | D:3      | Killed Ijyb
  3474 | D:4      | Found a staircase to the Ecumenical Temple.
  3613 | D:4      | Reached XP level 6. HP: 48/48 MP: 6/6
  4059 | D:5      | Entered Level 5 of the Dungeon
  4082 | D:5      | Noticed Blork the orc
  4095 | D:5      | Killed Blork the orc
  4215 | D:5      | Reached skill level 1 in Shields
  4231 | D:5      | Reached *** piety under Trog
  4235 | D:5      | Reached skill level 4 in Long Blades
  4235 | D:5      | Reached XP level 7. HP: 21/55 MP: 7/7
  4430 | D:5      | Found a shattered altar of Ashenzari.
  4664 | D:5      | Reached skill level 5 in Fighting
  4664 | D:5      | Gained mutation: You are mostly covered in sharp spines.
                  | [demonic ancestry]
  4664 | D:5      | Reached XP level 8. HP: 62/62 MP: 8/8
  4846 | D:5      | Reached skill level 5 in Long Blades
  4846 | D:5      | Reached skill level 5 in Armour
  5023 | D:6      | Found a glowing drain.
  5036 | Sewer    | Entered a sewer
  5673 | D:6      | Found a radiant altar of Vehumet.
  5847 | D:6      | Noticed Duvessa
  5850 | D:6      | Noticed Dowan
  5857 | D:6      | Killed Duvessa
  5859 | D:6      | Killed Dowan
  5939 | D:6      | Reached skill level 1 in Stealth
  5942 | D:6      | Reached **** piety under Trog
  6179 | D:6      | Reached skill level 6 in Long Blades
  6202 | D:6      | Gained mutation: You have very sharp fingernails. [demonic
                  | ancestry]
  6202 | D:6      | Reached XP level 9. HP: 68/69 MP: 9/9
  7049 | D:7      | Reached ***** piety under Trog
  7059 | D:7      | Reached skill level 5 in Dodging
  7063 | D:7      | Found Juixin Tue's Book Emporium.
  7198 | D:7      | Got a fabulously ornate robe
  7201 | D:7      | Found Idihuji's Weapon Shoppe.
  7216 | D:7      | Identified the +1 robe of Generosity {rF- rCorr Str+2} (You
                  | found it on level 7 of the Dungeon)
  7415 | D:7      | Reached skill level 7 in Long Blades
  7424 | D:7      | Found Etiuzud's General Store.
  7481 | D:7      | Found Tiliaf's Antique Weapon Shoppe.
  7513 | D:7      | Noticed Harold
  7521 | D:7      | Killed Harold
  7521 | D:7      | Gained mutation: You regenerate a little health from kills.
                  | [demonic ancestry]
  7521 | D:7      | Reached XP level 10. HP: 74/77 MP: 10/10
  7797 | D:8      | Noticed a two-headed ogre
  7806 | D:8      | Killed a two-headed ogre
  7806 | D:8      | Reached skill level 5 in Shields
  8097 | D:8      | Reached skill level 8 in Long Blades
  8155 | D:8      | Found Cumusakk's General Store.
  8951 | D:9      | Noticed a two-headed ogre
  8963 | D:9      | Killed a two-headed ogre
  9070 | D:9      | Noticed a two-headed ogre
  9079 | D:9      | Killed a two-headed ogre
  9079 | D:9      | Reached skill level 9 in Long Blades
  9079 | D:9      | Reached XP level 11. HP: 67/86 MP: 11/11
  9627 | D:9      | Received a gift from Trog
  9828 | D:9      | Found a staircase to the Orcish Mines.
  9960 | D:9      | Found a runed translucent gate.
  9960 | D:9      | Found a runed translucent gate.
  9960 | D:9      | Found a runed translucent gate.
  9961 | D:9      | Noticed totalnoob's ghost (novice KoHu)
  9971 | D:9      | Killed totalnoob's ghost
 10070 | D:10     | Entered Level 10 of the Dungeon
 10091 | D:10     | Killed an unseen horror
 10781 | D:11     | Noticed a two-headed ogre
 10809 | D:11     | Killed a two-headed ogre
 10809 | D:11     | Reached skill level 10 in Long Blades
 10980 | D:11     | Killed an unseen horror
 11015 | D:11     | Found a staircase to the Lair.
 11118 | D:11     | Noticed a green ugly thing
 11127 | D:11     | Killed a green ugly thing
 11208 | D:11     | Gained mutation: You have claws for hands. [demonic
                  | ancestry]
 11208 | D:11     | Reached XP level 12. HP: 51/94 MP: 12/12
 11647 | D:12     | Found a frozen archway.
 11647 | D:12     | Noticed a two-headed ogre
 11656 | D:12     | Killed a two-headed ogre
 11669 | D:12     | Received a gift from Trog
 11732 | D:12     | Slain by a tyrant leech

Skill      XL: |  1  2  3  4  5  6  7  8  9 10 11 12 |
---------------+-------------------------------------+-----
Dodging        | 2 3 4 5 6 7 |  7.7
Armour         | 2 3 4 5 6 7 8 |  8.6
Long Blades    | 3 4 6 7 9 10 | 10.4
Fighting       | 4 5 6 7 8 |  8.9
Shields        | 1 2 3 4 5 7 8 |  8.1
Stealth        | 1 2 |  2.1

Action                   |  1- 3 |  4- 6 |  7- 9 | 10-12 || total
-------------------------+-------+-------+-------+-------++-------
Melee: Falchion          |    37 |   106 |       |       ||   143
       Long sword        |       |    28 |   256 |   455 ||   739
Invok: Berserk           |       |     3 |     5 |     9 ||    17
       Brothers in Arms  |       |       |       |     1 ||     1
  Use: Scroll            |       |       |    12 |     4 ||    16
       Potion            |       |       |       |     1 ||     1
 Stab: Distracted        |       |       |       |     1 ||     1
  Eat: Chunk             |     1 |    12 |    18 |    18 ||    49
       Ration            |       |       |       |     2 ||     2
Armor: Animal skin       |     3 |       |       |       ||     3
       Chain mail        |     8 |    60 |   110 |   161 ||   339
Dodge: Dodged            |    21 |    52 |    80 |   248 ||   401
Block: Shield            |       |    21 |   134 |   262 ||   417
       Rpst.: Falchion   |     5 |    16 |       |       ||    21
       Long sword        |       |     1 |    18 |    66 ||    85
